 Dungeon Crawl Stone Soup version 0.28-a0-664-gc179e30c89 (webtiles) character file.

Game seed: 18286296751143362495

14 cheechan the Ducker (level 2, 0/21 HPs)
             Began as an Octopode Fighter on Oct 15, 2021.
             Slain by a quokka (1 damage)
             ... on level 1 of the Dungeon.
             The game lasted 00:00:43 (422 turns).

cheechan the Ducker (Octopode Fighter)               Turns: 422, Time: 00:00:44

Health: 0/21       AC:  1    Str: 15    XL:     2   Next: 45%
Magic:  2/2        EV: 13    Int: 10    God:
Gold:   27         SH:  4    Dex: 11    Spells: 1/1 levels left

rFire   . . .      SeeInvis .   a - +0 flail
rCold   . . .      Faith    .   b - +0 buckler
rNeg    . . .      Spirit   .   (helmet restricted)
rPois   .          Reflect  .   (no amulet)
rElec   .          Harm     .   (no ring)
rCorr   .          Rampage  .   (no ring)
Will    .....                   (no ring)
Stlth   ++........              (no ring)
HPRegen 0.07/turn               (no ring)
MPRegen 0.08/turn               (no ring)
                                (no ring)
                                (no ring)

@: no status effects
A: almost no armour, amphibious, 8 rings, camouflage 1, gelatinous body 1,
(nimble swimmer 1), tentacles
a: no special abilities


You were on level 1 of the Dungeon.
You visited 1 branch of the dungeon, and saw 1 of its levels.

You collected 27 gold pieces.

Inventory:

Hand Weapons
 a - a +0 flail (weapon)
 e - a +0 mace
Missiles
 d - 42 stones (quivered)
 f - 18 arrows
Armour
 b - a +0 buckler (worn)
Potions
 c - a potion of might


   Skills:
 + Level 3.1 Fighting
 + Level 2.1 Maces & Flails
 + Level 3.2 Dodging
 + Level 0.8 Stealth
 + Level 3.2 Shields


You had one spell level left.
You didn't know any spells.
Your spell library was empty.

Dungeon Overview and Level Annotations

Branches:
Dungeon (1/15)

Altars:


Innate Abilities, Weirdness & Mutations

You cannot wear most types of armour.
You are amphibious.
You can wear up to eight rings at the same time.
Your skin changes colour to match your surroundings (Stealth+).
Your rubbery body absorbs attacks. (AC +1, EV +1)
((You are camouflaged near water. (Stealth+)))
You have tentacles for arms and can constrict up to eight enemies at once.


Message History

An endoplasm comes into view.
A giant cockroach comes into view.
Found 3 javelins.
A hobgoblin comes into view.
Found 10 gold pieces.
The hobgoblin shouts!
The endoplasm quivers.
A quokka comes into view.
You hit the giant cockroach.
You kill the giant cockroach!
You block the hobgoblin's attack.
You hit the hobgoblin but do no damage. Your grab misses the hobgoblin.
You squeeze the hobgoblin.
You kill the hobgoblin!
The endoplasm freezes you.
You are frozen.
The endoplasm freezes you.
You are frozen.
The quokka barely misses you.
You see here a hobgoblin corpse.
You block the quokka's attack.
You see here 10 gold pieces.
You hit the endoplasm but do no damage. The quokka barely misses you.
The endoplasm freezes you.
You are frozen.
You hit the endoplasm.
The endoplasm is heavily wounded.
The quokka bites you. The endoplasm barely misses you.
The quokka bites you but does no damage.
You barely miss the endoplasm. You squeeze the endoplasm.
You kill the endoplasm!
The quokka barely misses you. The quokka bites you.
* * * LOW HITPOINT WARNING * * *
The quokka bites you.
* * * LOW HITPOINT WARNING * * *
You see here a hobgoblin corpse.
You closely miss the quokka. You grab the quokka. You squeeze the quokka.
The quokka is heavily wounded.
You constrict the quokka. The quokka bites you.
You die...

#####....######.##.
#...............##.
#.####.......#####.
####.# #....>..).....
#....## #.......##....
#.##..###........^....
#......##.......##....
#..###.##.......######
#...$@.##.......#
##..(r.##.......#
#.###..........# #.
....... # .....##
......# ......#
#......#


You could see a quokka.

Vanquished Creatures
  4 endoplasms (D:1)
  2 giant cockroaches (D:1)
  A hobgoblin (D:1)
  2 quokkas (D:1)
  2 ball pythons (D:1)
  A frilled lizard (D:1)
12 creatures vanquished.

Notes
Turn   | Place    | Note
-------+----------+-------------------------------------------
     0 | D:1      | cheechan the Octopode Fighter began the quest for the Orb.
     0 | D:1      | Reached XP level 1. HP: 16/16 MP: 1/1
   224 | D:1      | Reached XP level 2. HP: 13/21 MP: 2/2
   421 | D:1      | HP: 1/21 [quokka (5)]
   422 | D:1      | Slain by a quokka

Illustrated notes

Levels and vault maps discovered:
D:1:      minmay_arrival_wavy_path, layout_basic, basic_ecumenical_altar,
          serial_shops, shop, minmay_tromino_i2

Action                   || total
-------------------------++-------
Melee: Flail             ||    20
       Tentacles         ||     6
       Constrict         ||     3
 Stab: Sleeping          ||     2
Armor: Skin              ||     1
Dodge: Dodged            ||    11
Block: Buckler           ||     2

Table legend: (Time is in decaauts)
 A = Elapsed time spent in this place.
 B = Non-inter-level travel time spent in this place.
 C = Inter-level travel time spent in this place.
 D = Time resting spent in this place.
 E = Time spent auto-exploring this place.
 F = Levels seen in this place.
 G = Mean time per level.
                   A        B        C        D        E       F      G
               +--------+--------+--------+--------+--------+-----+--------+
         Total |    427 |    427 |      0 |    205 |      0 |   1 |  427.0 |
       Dungeon |    427 |    427 |      0 |    205 |      0 |   1 |  427.0 |
               +--------+--------+--------+--------+--------+-----+--------+

Top non-repeatable levels by time:
     D:1: 427 daAuts
